Cogmind - Beta 9.2 @@@ ROGUE MODE // 2019.11.23 @ 13:50:55 Player: cptwinky Result: Destroyed by D-53 Grenadier with Mini Grenade Launcher Performance ------------- Evolutions (0) 0 Regions Visited (2) 400 Robots Destroyed (12) 60 Value Destroyed (185) 185 Prototype IDs (0) 0 Alien Tech Used (0) 0 Bonus (0) 0 TOTAL SCORE: 645 Bonus ------- None Cogmind --------- Core Integrity 0/250 Matter 294/300 Energy 84/100 System Corruption 2% Temperature Cool (4) Movement Rolling (100) Ox1 Location -10/Mines Parts ------- > --- POWER (1) -------- (None) > --- PROPULSION (2) --- Wheel Compact Wheel > --- UTILITY (2) ------ Large Storage Unit Large Storage Unit > --- WEAPON (2) ------- Medium Laser Assault Rifle > --- INVENTORY (16) --- Ion Engine Light Ion Engine Light Nuclear Core Light Treads Light Treads Medium Storage Unit Advanced Sensor Array Advanced Signal Interpreter Mining Laser Peak State ------------ > --- POWER ------------ Light Ion Engine > --- PROPULSION ------- Light Treads Wheel > --- UTILITY ---------- Large Storage Unit Large Storage Unit > --- WEAPON ----------- Small Laser Assault Rifle > --- INVENTORY -------- Ion Engine Light Ion Engine Light Treads Compact Wheel Medium Storage Unit Advanced Signal Interpreter Medium Laser Mining Laser [Rating: 8] Favorites ----------- Power Light Ion Engine Engine Light Ion Engine Propulsion Light Treads Treads Light Treads Wheel Compact Wheel Utility Large Storage Unit Storage Large Storage Unit Weapon Small Laser Energy Gun Small Laser Ballistic Gun Assault Rifle Build | -11 -10 -10 ------- Run | Scr Mat Min Slots Evolved . | . . . Power . | . . . Propulsion . | . . . Utility . | . . . Weapon . | . . . Parts Attached 18 | 6 10 2 Power 2 | 1 1 . Engine 2 | 1 1 . Core . | . . . Reactor . | . . . Propulsion 9 | 2 6 1 Treads 3 | 1 2 . Leg . | . . . Wheel 6 | 1 4 1 Hover . | . . . Flight . | . . . Utility 3 | 1 2 . Device . | . . . Storage 3 | 1 2 . Processor . | . . . Hackware . | . . . Protection . | . . . Artifact . | . . . Weapon 4 | 2 1 1 Energy Gun 3 | 2 . 1 Energy Cannon . | . . . Ballistic Gun 1 | . 1 . Ballistic Cannon . | . . . Launcher . | . . . Special Weapon . | . . . Impact Weapon . | . . . Slashing Weapon . | . . . Piercing Weapon . | . . . Special Melee Weapon . | . . . Unidentified Prototypes . | . . . Parts Lost 5 | . 3 2 Power 2 | . 1 1 Propulsion 1 | . 1 . Utility . | . . . Weapon 2 | . 1 1 Highest Loss Streak 2 | . 2 2 Average Slot Usage (%) 97 | . 98 90 Engine 12 | . 13 9 Treads 14 | . 14 9 Wheel 13 | . 13 18 Storage 27 | . 27 28 Energy Gun 17 | . 18 9 Ballistic Gun 9 | . 9 14 Naked Turns . | . . . Heaviest Build 38 | 9 38 38 Greatest Support 26 | 16 16 26 Greatest Overweight (x) 3 | . 3 3 Average Overweight (x) 2 | . 2 2 Largest Inventory Capacity 16 | 6 16 16 Average Capacity 14 | 5 15 16 Most Carried 10 | 5 7 10 Average Carried 5 | 2 6 8 Final Capacity 16 | 6 16 16 Final Carried 9 | 5 7 9 Class Distribution -------------------- 100% | Mutant Dominant Class ---------------- Mutant | -10/Materials Mutant | -10/Mines Resources | -11 -10 -10 ----------- Run | Scr Mat Min Matter Collected 387 | 260 120 7 Remotely . | . . . Salvage Created 324 | 84 240 . Parts 24 | 2 22 . Haulers Intercepted . | . . . Recyclers Shooed 1 | . 1 . Parts Field Recycled . | . . . Retrieved Matter . | . . . Parts Self-Destructed . | . . . Prevented . | . . . Kills | -11 -10 -10 ------- Run | Scr Mat Min Combat Hostiles Destroyed 9 | . 9 . Guns 9 | . 9 . Classes Destroyed 5 | 1 4 . Worker 1 | . 1 . Recycler 1 | 1 . . Watcher 1 | . 1 . Swarmer 6 | . 6 . Grunt 3 | . 3 . Best Kill Streak 5 | 1 5 . Combat Bots Only 5 | . 5 . Max Kills in Single Turn 1 | 1 1 . Gunslinging . | . . . Exploded . | . . . Melee . | . . . Uniques/NPCs Destroyed . | . . . Combat | -11 -10 -10 -------- Run | Scr Mat Min Damage Taken 795 | . 324 471 Core 267 | . 42 225 Absorbed by Shields . | . . . Core Remaining (%) 100 | 100 . . Volleys Fired 32 | 5 26 1 Largest 2 | 2 2 2 Hottest 80 | 80 80 70 Shots Fired 64 | 10 52 2 Gun 64 | 10 52 2 Cannon . | . . . Launcher . | . . . Special . | . . . Kinetic 11 | . 10 1 Thermal 53 | 10 42 1 Explosive . | . . . Electromagnetic . | . . . Robot Hit Streak 10 | 4 10 2 Robot Miss Streak 4 | 1 4 . Penetration Max . | . . . Secondary Targets . | . . . Shots Hit Robots 37 | 6 29 2 Core Hits 16 | 2 14 . Critical Hits . | . . . Critical Kills . | . . . Critical Parts Destroyed . | . . . Melee Attacks . | . . . Impact . | . . . Slashing . | . . . Piercing . | . . . Sneak Attacks . | . . . Combat Hostiles . | . . . Follow-up Attacks . | . . . Damage Inflicted 395 | 54 318 23 Guns 395 | 54 318 23 Cannons . | . . . Explosions . | . . . Melee . | . . . Ramming . | . . . Kinetic 21 | . 10 11 Thermal 374 | 54 308 12 Explosive . | . . . Electromagnetic . | . . . Impact . | . . . Slashing . | . . . Piercing . | . . . Highest Corruption 2 | . 2 2 Average Corruption 1 | . 1 2 Corruption Purged . | . . . Effects 3 | . 3 . Message Errors 2 | . 2 . Targeting Errors 1 | . 1 . Overload Shots . | . . . Overflow Damage . | . . . Projectiles . | . . . Explosions . | . . . Melee . | . . . Knockbacks . | . . . Impact . | . . . Kinetic . | . . . Secondary . | . . . Self-Inflicted Damage . | . . . Shots . | . . . Rammed . | . . . Targets Rammed . | . . . Kicked . | . . . Crushed . | . . . Highest Temperature 72 | 72 72 4 Average Temperature 36 | 38 36 4 Received Heat Transfer 54 | . 42 12 Siege Activations . | . . . Robots Corrupted . | . . . Combat Hostiles . | . . . Parts Fried . | . . . Impact Corruptions . | . . . Robots Melted . | . . . Combat Hostiles . | . . . Parts Melted . | . . . Heat Transferred 862 | 125 700 37 Parts Sabotaged . | . . . Parts Stolen . | . . . Parts Stripped . | . . . Power Chain Reactions . | . . . Missiles Intercepted . | . . . Alert | -11 -10 -10 ------- Run | Scr Mat Min Peak Influence 299 | 5 299 44 Average Influence 127 | . 155 39 Maximum Alert Level 1 | . 1 . Low Security (%) 77 | 100 72 100 Level 1 22 | . 27 . Level 2 . | . . . Level 3 . | . . . Level 4 . | . . . Level 5 . | . . . High Security . | . . . Max Security . | . . . Squads Dispatched 2 | . 1 1 Investigation 2 | . 1 1 Extermination . | . . . Reinforcement . | . . . Assault . | . . . Garrison . | . . . Intercept . | . . . Construction Impeded . | . . . Haulers Reinforced . | . . . Stealth | -11 -10 -10 --------- Run | Scr Mat Min Distress Signals 3 | . 3 . Communications Jammed . | . . . Distress Signals . | . . . Times Spotted 22 | . 19 3 Peak Tracking Total 6 | . 6 2 Tactical Retreats 2 | . 2 . Traps | -11 -10 -10 ------- Run | Scr Mat Min Traps Triggered 2 | . 2 . Indirectly . | . . . Trap Hack Attempts . | . . . Triggered . | . . . Disarmed . | . . . Reprogrammed . | . . . Reused . | . . . Traps Extracted . | . . . Installed . | . . . Triggered . | . . . Machines | -11 -10 -10 ---------- Run | Scr Mat Min Machines Disabled . | . . . Max in Single Turn . | . . . Machines Sabotaged . | . . . Garrisons Compromised . | . . . Overloaded Fab Kills . | . . . Fab Network Shutdowns . | . . . Hacking | -11 -10 -10 --------- Run | Scr Mat Min Machines Accessed 4 | . 3 1 Terminals 2 | . 2 . Fabricators . | . . . Repair Stations . | . . . Recycling Units 1 | . 1 . Scanalyzers . | . . . Garrison Access . | . . . Total Hacks 7 | . 6 1 Successful 4 | . 3 1 Failed 3 | . 3 . Catastrophic 1 | . 1 . Database Lockouts . | . . . Manual 3 | . 3 . Terminals 4 | . 4 . Fabricators . | . . . Repair Stations . | . . . Recycling Units 2 | . 2 . Scanalyzers . | . . . Garrison Access . | . . . Terminal Hacks 2 | . 1 1 Open Door 1 | . . 1 Zone Layout 1 | . 1 . Fabricator Hacks . | . . . Repair Station Hacks . | . . . Recycling Unit Hacks 1 | . 1 . Retrieve Components 1 | . 1 . Scanalyzer . | . . . Garrison Access Hacks . | . . . Unauthorized Hacks 4 | . 4 . Terminals . | . . . Fabricators . | . . . Repair Stations . | . . . Recycling Units 1 | . 1 . Tunnel 1 | . 1 . Scanalyzers . | . . . Garrison Access . | . . . Data Cores Recovered . | . . . Used . | . . . Hacking Detections 3 | . 3 . Full Trace Events 1 | . 1 . Feedback Events . | . . . Feedback Blocked . | . . . Robot Schematics Acquired . | . . . Robots Built . | . . . Matter . | . . . Time . | . . . Total Robot Build Rating . | . . . Part Schematics Acquired . | . . . Parts Built . | . . . Matter . | . . . Time . | . . . Total Part Build Rating . | . . . Parts Repaired . | . . . Time . | . . . Parts Recycled . | . . . Recycled Matter . | . . . Retrieved Matter . | . . . Retrieved Components 2 | . 2 . Parts Scanalyzed . | . . . Part Schematics Acquired . | . . . Parts Damaged . | . . . Bothacking | -11 -10 -10 ------------ Run | Scr Mat Min Used RIF Installer . | . . . Robots Hacked . | . . . Non-combat . | . . . Combat . | . . . Robot Hacks Applied . | . . . Relay Couplers Released . | . . . Robots Rewired . | . . . Allies Hacked . | . . . Hacks Repelled . | . . . Allies | -11 -10 -10 -------- Run | Scr Mat Min Total Allies . | . . . Largest Group . | . . . Highest-Rated Group . | . . . Highest-Rated Ally . | . . . Total Orders . | . . . Ally Attacks . | . . . Total Damage . | . . . Kills . | . . . Allies Corrupted . | . . . Allies Melted . | . . . Intel | -11 -10 -10 ------- Run | Scr Mat Min Robot Analysis Total . | . . . Derelict Logs Recovered . | . . . Drone Launches . | . . . Drone Recoveries . | . . . Exploration | -11 -10 -10 ------------- Run | Scr Mat Min Turns Passed 606 | 86 490 30 Spaces Moved 407 | 51 336 20 Core 2 | 2 . . Treads . | . . . Legs . | . . . Wheels 405 | 49 336 20 Hover . | . . . Flight . | . . . Fastest Speed 50 | 50 100 100 Average Speed 111 | 98 114 105 Slowest Speed 120 | 100 120 110 Overloaded Moves . | . . . Propulsion Burnouts . | . . . Robots Hopped . | . . . Cave-ins Triggered . | . . . Exploration Rate (%) 19 | 5 44 8 Regions Visited 2 Branch Regions 1 Pre-discovered Areas 1 | . 1 . Known Exits Taken . | . . . Unknown Exits Taken 2 | 1 1 . Scrap Searched . | . . . Spaces Dug . | . . . Terrain Destroyed . | . . . Melee . | . . . Projectile . | . . . AOE . | . . . Actions | -11 -10 -10 --------- Run | Scr Mat Min Total 487 | 74 386 27 Wait 19 | 8 10 1 Move 405 | 50 335 20 Hop . | . . . Pick Up 12 | 5 4 3 Fast Attach 8 | 6 2 . Attach 3 | . 2 1 Detach . | . . . Swap 7 | . 6 1 Drop 1 | . 1 . Fire 32 | 5 26 1 Melee . | . . . Ram . | . . . Kick . | . . . Crush . | . . . Escape Stasis . | . . . Rewire . | . . . Trap . | . . . Miscellaneous . | . . . Route ------- -11/Scrapyard -10/Materials (discovered 2 exits: [*Mat] / *Min) -10/Mines History --------- Turn | Location | Event 45 | -11/Scrapyard | Discovered new exit (range 15) 87 | -11/Scrapyard | Entered Materials 294 | -10/Materials | Discovered new exit (range 12) 312 | -10/Materials | Build established: Mutant 446 | -10/Materials | Discovered new exit (range 3) 577 | -10/Materials | Entered Mines 578 | -10/Mines | Assembled infested the area 582 | -10/Mines | Met a Derelict shopkeep closing up shop 583 | -10/Mines | Assisted by a Guerilla fighting off Assembled 602 | -10/Mines | Core integrity fell below 50% 606 | -10/Mines | Core integrity fell below 20% 607 | -10/Mines | Destroyed by D-53 Grenadier with Mini Grenade Launcher Last Messages --------------- 00587_ Acquired Adv. Signal Interpreter. 00589_ Acquired Adv. Sensor Array. 00591_ Acquired Lgt. Nuclear Core. 00593_ Machine disabled. 00597_ The unstable cave ceiling collapses. 00597_ Lgt. Ion Engine destroyed. 00599_ Sml. Laser destroyed. 00600_ The unstable cave ceiling collapses. 00601_ G-34 Mercenary destroyed. 00603_ D-53 Grenadier destroyed. 00603_ 9J-AL6(g) destroyed. 00604_ The unstable cave ceiling collapses. 00604_ U-05 Engineer lays Concrete. 00605_ Acquired 7 matter. 00605_ The unstable cave ceiling collapses. 00605_ U-05 Engineer lays Concrete. 00605_ K-01 Serf destroyed. 00605_ R-06 Scavenger destroyed. 00605_ U-05 Engineer destroyed. 00606_ U-05 Engineer lays Concrete. Map ----- +----------------------------------------------------+ | ??????????????????????????????????????? | | ??????????????????????????????????????? | | ??????????????????????????????????????? | | ??????????????????????????????????????? | | ??????????????????????????????????????? | | ??????????????????????????????????????? | | ??????????????????????????????????????? | | ??????????????????????????????????????? | | ??????????????????????????????????????? | | ??????????????????????????????????????? | | ??????????????????????????????????????? | | ??????????????????????????????????????? | | ??????????????????????????????????????? | | ??????????????????????????????????????? | | ?????####?????????????????????????????? | | ????## ##?###???????????????????????? | | ????# ### ######??????????????????? | | ????# ##?????????????????? | | ???## # ####??????????????? | | ???# #####??????????? | | ????# [! #??????????? | | ?????# ######????????????? | | ?????## #??????????????????? | | ?????# [d #??????????????????? | | ?????# % #??????????????????? | | ?????##### @ #??????????????????? | | ?????????### %u #??????????????????? | | ?????????? g!=% ##??????????????????? | | ?????????## !% ##???????????????????? | | ??????????## = ##????????????????????? | | ???????????### #?????????????????????? | | ?????????????# ?????????????????????? | | ?????????????# #?????????????????????? | | ?????????????# t#?????????????????????? | | ?????????????# #?????????????????????? | | ?????????????# #?????????????????????? | | ?????????????# #?????????????????????? | | ?????????????# #?????????????????????? | | ?????????????? ??????????????????????? | | ?????????????? ??????????????????????? | | ?????????????? ??????????????????????? | | ??????????????????????????????????????? | | ??????????????????????????????????????? | | ??????????????????????????????????????? | | ??????????????????????????????????????? | | ??????????????????????????????????????? | | ??????????????????????????????????????? | | ??????????????????????????????????????? | | ??????????????????????????????????????? | | ??????????????????????????????????????? | +----------------------------------------------------+ Best States ------------- Heat Dissipation 25 Energy Generation 10 Energy Capacity 125 Matter Stores 300 Matter Capacity 300 Sight Range 16 Terrain Scan Density 10 Evasion (%) 40 Recoil Reduction 2 Item Schematics ----------------- None Robot Schematics ------------------ None Fabricated ------------ Nothing Alien Tech Used ----------------- None Achievements -------------- None Challenges ------------ None Game ------ Seed DisruptorDimensionalStorm Manual? 0 Play Time 00:05:04 Cumulative 410.7 hours Start 2019.11.23 @ 13:46:40 End 2019.11.23 @ 13:50:55 Sessions 1 Manual Loads 0 Difficulty Rogue Special Mode None Game No. 315 Rogue 311 Adventurer 4 Explorer 0 Win Type - Total 31 Types 25/2/1/1/2/0/0 Lore% 92 Gallery% 94 Achievement% 87 Wizard Run 0 Options --------- ASCII 0 Keyboard 0 Movement Vi Keybinds 0 Fullscreen 0 Font 16/Terminus Map View 76x50 Tactical HUD 1 Map Filters NONE Filters NONE Steam 1 RUN: bc31a605-be3d-41a2-81d8-0a538f46b39a